 Dungeon Crawl Stone Soup version 0.29-a0-82-g837932c90e (webtiles) character file.

Game seed: 14436939665170683709

278 enile the Skirmisher (level 6, -7/85 HPs)
             Began as a Minotaur Fighter on Feb 5, 2022.
             Was an Initiate of Yredelemnul.
             Mangled by Eustachio (10 damage)
             ... on level 4 of the Dungeon.
             The game lasted 00:04:03 (2810 turns).

enile the Skirmisher (Minotaur Fighter)             Turns: 2810, Time: 00:04:03

Health: -7/85      AC:  7    Str: 22    XL:     6   Next: 5%
Magic:  6/6        EV:  9    Int:  5    God:    Yredelemnul [......]
Gold:   94         SH:  4    Dex: 10    Spells: 5/5 levels left

rFire   . . .      SeeInvis .   a - +0 war axe
rCold   . . .      Faith    .   c - +0 buckler
rNeg    . . .      Spirit   .   b - +0 scale mail
rPois   .          Reflect  .   (helmet restricted)
rElec   .          Harm     .   (no cloak)
rCorr   .          Rampage  .   (no gloves)
Will    .....                   (no boots)
Stlth   ..........              (no amulet)
HPRegen 0.24/turn               (no ring)
MPRegen 0.10/turn               (no ring)

@: mighty, berserking, attractive, very quick
A: horns 2, retaliatory headbutt
a: Renounce Religion, Recall Undead Harvest


You were on level 4 of the Dungeon.
You worshipped Yredelemnul.
Yredelemnul was noncommittal.
You visited 1 branch of the dungeon, and saw 4 of its levels.

You collected 123 gold pieces.
You spent 29 gold pieces at shops.

Inventory:

Hand Weapons
 a - a +0 war axe (weapon)
 o - a +1 flail of venom
Missiles
 r - 2 javelins (quivered)
Armour
 b - a +0 scale mail (worn)
 c - a +0 buckler (worn)
Scrolls
 e - 4 scrolls of identify {unknown}
 h - a scroll of blinking {unknown}
 i - a scroll of magic mapping {unknown}
 j - 3 scrolls of silence {unknown}
 k - a scroll of fear {unknown}
 l - a scroll of noise {unknown}
 n - 2 scrolls of torment {unknown}
 p - a scroll of fog {unknown}
 q - a scroll of vulnerability {unknown}
 s - a scroll of teleportation {unknown}
Potions
 f - a potion of attraction
 g - a potion of curing


   Skills:
 + Level 5.6 Fighting
 + Level 3.9 Axes
 + Level 0.0 Throwing
 + Level 4.5 Armour
 + Level 4.7 Shields
 - Level 2.0 Invocations


You had 5 spell levels left.
You didn't know any spells.
Your spell library contained the following spells:

 Spells                   Type           Power      Damage    Failure   Level
 Apportation              Tloc           0%         N/A       87%         1
 Magic Dart               Conj           0%         1d3       87%         1
 Blink                    Tloc           0%         N/A       95%         2
 Call Imp                 Summ           0%         N/A       95%         2
 Lesser Beckoning         Tloc           0%         N/A       99%         3
 Mephitic Cloud           Conj/Pois/Air  0%         N/A       99%         3
 Teleport Other           Tloc           0%         N/A       99%         3
 Alistair's Intoxication  Tmut/Pois      0%         N/A       100%        5
 Conjure Ball Lightning   Conj/Air       0%         3x3d6     100%        6


Dungeon Overview and Level Annotations

Branches:
Dungeon (4/15)
 Temple: D:4-7

Altars:
Yredelemnul

Shops:
D:3 *

Annotations:
D:4 Eustachio


Innate Abilities, Weirdness & Mutations

You have a pair of horns on your head.
You reflexively headbutt those who attack you in melee.


Message History

The ufetubus closely misses you. The ufetubus hits you.
* * * LOW HITPOINT WARNING * * *
The ufetubus hits you but does no damage.
It was a potion of attraction.
You feel attractive to monsters. The bat hits you.
* * * LOW HITPOINT WARNING * * *
Eustachio gestures wildly while chanting.
The ufetubus hits you.
* * * LOW HITPOINT WARNING * * *
The ufetubus closely misses you. You block the bat's attack.
Eustachio is attracted toward you. The quokka is attracted toward you.
The rat is attracted toward you.
It was a potion of berserk rage.
A red film seems to cover your vision as you go berserk!
You feel yourself moving faster!
You feel mighty! You block the ufetubus's attack.
The ufetubus completely misses you. The bat barely misses you.
You block the ufetubus's attack.
The ufetubus hits you but does no damage.
The bat misses you.
You barely miss the ufetubus. Your headbutt misses the ufetubus.
You closely miss the bat. The bat hits you.
* * * LOW HITPOINT WARNING * * *
The ufetubus hits you but does no damage.
The ufetubus barely misses you.
You barely miss the ufetubus. You closely miss the bat.
The bat barely misses you. The ufetubus hits you.
* * * LOW HITPOINT WARNING * * *
You block the ufetubus's attack. The ufetubus barely misses you.
You furiously retaliate!
You headbutt the ufetubus.
You kill the ufetubus!
The ufetubus disappears in a puff of smoke!
You slash the bat!
You kill the bat!
The bat's corpse disappears in a puff of smoke!
You miss Eustachio.
Eustachio is heavily wounded.
Eustachio hits you with a +4 falchion of venom!
You die...
Your body rises from the dead as a mindless zombie.

#... .... ... #.#
#.### #. #...# #.#
#.# #..ยง####.....
#.# #....@@rr...(
#.####...#####.###
#..#.....#
+........#
#.##.#...#
#....#.#.#
#..#.....#
##.###...##
#+####..# #...#


You could see Eustachio, a quokka (summoned) and a rat (summoned).

Vanquished Creatures
  A scorpion (D:3)
  The ghost of sirJeffrey23 the Ruffian, a weakling DrTm (D:3)
  Terence (D:2)
  3 gnolls (D:3)
  4 adders (D:2)
  An adder skeleton (D:3)
  3 orcs (D:3)
  4 ball pythons
  6 endoplasms
  2 giant cockroaches
  6 goblins
  11 hobgoblins
  3 jackals (D:3)
  5 kobolds
  2 quokkas
  10 bats
  2 frilled lizards
  3 rats
68 creatures vanquished.

Vanquished Creatures (collateral kills)
  A worm (D:3)
  A dart slug (D:1)
  A ball python (D:2)
  A bat (D:3)
  A frilled lizard (D:2)
5 creatures vanquished.

Vanquished Creatures (others)
  A hobgoblin zombie (D:2)
  A kobold zombie (D:4)
  An orc zombie (D:3)
  A fungus (D:1)
  5 plants (D:1)
9 creatures vanquished.

Grand Total: 82 creatures vanquished

Notes
Turn   | Place    | Note
-------+----------+-------------------------------------------
     0 | D:1      | enile the Minotaur Fighter began the quest for the Orb.
     0 | D:1      | Reached XP level 1. HP: 19/19 MP: 0/0
    43 | D:1      | Found a faded altar of an unknown god.
    46 | D:1      | Reached skill level 4 in Fighting
    55 | D:1      | Prayed at the altar of an unknown god.
    55 | D:1      | Became a worshipper of Yredelemnul the Dark
    55 | D:1      | Reached * piety under Yredelemnul
   129 | D:1      | Reached XP level 2. HP: 28/28 MP: 1/1
   176 | D:1      | Reached ** piety under Yredelemnul
   527 | D:2      | Reached XP level 3. HP: 32/35 MP: 2/2
  1087 | D:2      | Noticed Terence
  1092 | D:2      | Killed Terence
  1093 | D:2      | Reached skill level 5 in Fighting
  1093 | D:2      | Reached XP level 4. HP: 33/42 MP: 3/3
  1173 | D:2      | Reached skill level 1 in Invocations
  1439 | D:2      | Got Guokes's Disquisition on the Destructive Traveller
  1523 | D:2      | Reached *** piety under Yredelemnul
  1597 | D:3      | Found Xidafoh's Assorted Antiques.
  1612 | D:3      | Bought a green potion for 29 gold pieces
  1919 | D:3      | Found a transporter.
  1922 | D:3      | Noticed sirJeffrey23's ghost (weakling DrTm)
  1943 | D:3      | Found a transporter.
  2037 | D:3      | Reached XP level 5. HP: 32/48 MP: 3/5
  2587 | D:3      | Killed sirJeffrey23's ghost
  2588 | D:3      | Reached XP level 6. HP: 38/56 MP: 6/6
  2787 | D:4      | Noticed Eustachio
  2808 | D:4      | HP: 3/85 [ufetubus[Eustachio] (4)]
  2810 | D:4      | Mangled by Eustachio

Illustrated notes

Levels and vault maps discovered:
D:1:      wander_arrival_estate, layout_loops_cross,
          shapermc_ecumenical_altar_mp_urbaneastern
D:2:      layout_basic, kennysheep_generic_room_15, uniq_terence
D:3:      layout_basic, serial_shops, nicolae_shop_statue_plus,
          gammafunk_ghost_arena
D:4:      layout_loops_cross, minmay_quadrilaterals, uniq_sigmund, uniq_duvessa,
          uniq_eustachio

Skill      XL: |  1  2  3  4  5 |
---------------+----------------+-----
Fighting       | 4 5 |  5.6
Shields        | 4 |  4.7
Axes           | 3 |  3.9
Armour         | 4 |  4.5
Invocations    | 1 2 |  2.0

Action                   |  1- 3 |  4- 6 || total
-------------------------+-------+-------++-------
Melee: War axe           |    61 |    92 ||   153
       Headbutt          |    11 |    12 ||    23
Throw: Javelin           |       |     2 ||     2
  Use: Potion            |       |     4 ||     4
Armor: Scale mail        |    30 |    45 ||    75
Dodge: Dodged            |    29 |    61 ||    90
Block: Buckler           |    21 |    26 ||    47

Table legend: (Time is in decaauts)
 A = Elapsed time spent in this place.
 B = Non-inter-level travel time spent in this place.
 C = Inter-level travel time spent in this place.
 D = Time resting spent in this place.
 E = Time spent auto-exploring this place.
 F = Levels seen in this place.
 G = Mean time per level.
                   A        B        C        D        E       F      G
               +--------+--------+--------+--------+--------+-----+--------+
         Total |   2867 |   2779 |     88 |      0 |   2312 |   4 |  716.8 |
       Dungeon |   2867 |   2779 |     88 |      0 |   2312 |   4 |  716.8 |
               +--------+--------+--------+--------+--------+-----+--------+

Top non-repeatable levels by time:
     D:3: 1147 daAuts
     D:2: 1087 daAuts
     D:1: 534 daAuts
     D:4: 98 daAuts
